 Dungeon Sprint DCSS version 0.27.1 (webtiles) character file.

Game seed: 16233279390782872573

177 styxcanada the Covert (level 5, -1/28 HPs)
             Began as a Spriggan Brigand on Aug 30, 2021.
             Was an Initiate of Gozag.
             Slain by a spriggan (18 damage)
             ... in the Dungeon (Sprint IV: "Fedhas' Mad Dash").
             The game lasted 00:01:23 (171 turns).

styxcanada the Covert (Spriggan Brigand)             Turns: 171, Time: 00:01:24

Health: -1/28      AC:  3    Str:  7    XL:     5   Next: 30%
Magic:  5/6        EV: 19    Int: 12    God:    Gozag
Gold:   186        SH:  0    Dex: 18    Spells: 4/4 levels left

rFire    . . .     SeeInvis +   a - +2 dagger
rCold    . . .     Faith    .   (shield restricted)
rNeg     . . .     Spirit   .   b - +0 robe
rPois    .         Reflect  .   (helmet restricted)
rElec    .         Harm     .   c - +0 cloak
rCorr    .         Rampage  .   (gloves unavailable)
Will     .....     NoTele   +   (boots unavailable)
Stlth    ++++++....             m - amulet of invisibility {+Inv}
HPRegen  0.09/turn              (no ring)
MPRegen  0.10/turn              (no ring)

@: gold aura, very slightly contaminated, invisible (expiring), very quick
A: very small, no large weapons, unfitting armour, see invisible, speed 3
a: Renounce Religion, Evoke Invisibility, Potion Petition, Call Merchant, Bribe
Branch


You were in the Dungeon.
You worshipped Gozag.
Gozag was aware of your devotion.
You visited 1 branch You collected 186 gold pieces.

Inventory:

Hand Weapons
 a - a +2 dagger (weapon)
Missiles
 d - 3 poisoned darts (quivered)
 e - 2 curare-tipped darts
Armour
 b - a +0 robe (worn)
 c - a +0 cloak (worn)
Jewellery
 m - the amulet of invisibility (around neck) {+Inv}
   (You found it in the Dungeon)

   [amulet of nothing]

   +Inv:      It lets you turn invisible.
Wands
 n - a wand of iceblast (6)
Scrolls
 k - a scroll of blinking
Potions
 f - a potion of curing
 g - a potion of heal wounds
 h - a potion of haste
 i - 2 potions of magic
 j - a potion of berserk rage
 l - a potion of attraction {unknown}


   Skills:
 * Level 3.4 Fighting
 + Level 3.3 Short Blades
 + Level 2.7 Throwing
 * Level 5.0 Dodging
 * Level 14.3 Stealth
 + Level 0.7 Evocations


You had 4 spell levels left.
You didn't know any spells.
Your spell library was empty.

Dungeon Overview and Level Annotations

Branches:
Dungeon (1/1)

Altars:
Cheibriados
Dithmenos
Elyvilon
Gozag
Hepliaklqana
Kikubaaqudgha
Makhleb
Nemelex Xobeh
Okawaru
Qazlal
Ru
Sif Muna
Trog
Uskayaw
Vehumet
Wu Jian
Xom
Yredelemnul
Zin
The Shining One
Beogh
Jiyva
Lugonu


Innate Abilities, Weirdness & Mutations

You are very small and have problems with some larger weapons.
You are too small for most types of armour.
You have supernaturally acute eyesight. (SInv)
You cover ground extremely quickly. (Speed+++)


Message History

You throw a poisoned dart. The poisoned dart hits the spriggan!
The spriggan is poisoned.
The spriggan hits you with a +0 dagger!
There is a corrupted altar of Lugonu here.
Throw: 7 darts (poison)
Press: ? - help, Q - select action, (/) - cycle Shift-Dir - straight line, f/p - spriggan
Aim: a spriggan, wielding a +0 dagger and wearing a +0 robe (lightly wounded, very poisoned, 36% to hit)
You throw a poisoned dart.
The poisoned dart closely misses the spriggan.
The poisoned dart barely misses the spriggan.
The spriggan completely misses you.
There is an ancient bone altar of Kikubaaqudgha here.
There is a viscous altar of Jiyva here.
Throw: 6 darts (poison)
Press: ? - help, Q - select action, (/) - cycle Shift-Dir - straight line, f/p - spriggan
Aim: a spriggan, wielding a +0 dagger and wearing a +0 robe (lightly wounded, poisoned, 36% to hit)
You throw a poisoned dart.
The poisoned dart barely misses the spriggan.
There is a hazy altar of Hepliaklqana here.
There is an opulent altar of Gozag here.
You flicker for a moment.
There is an open door here.
Throw: 5 darts (poison)
Press: ? - help, Q - select action, (/) - cycle Shift-Dir - straight line, f/p - spriggan
Aim: a spriggan, wielding a +0 dagger and wearing a +0 robe (severely wounded, poisoned, 36% to hit)
You throw a poisoned dart. The poisoned dart misses the spriggan.
The poisoned dart closely misses the spriggan.
The spriggan completely misses you.
Throw: 4 darts (poison)
Press: ? - help, Q - select action, (/) - cycle Shift-Dir - straight line, f/p - spriggan
Aim: a spriggan, wielding a +0 dagger and wearing a +0 robe (almost dead, poisoned, 36% to hit)
You throw a poisoned dart.
The poisoned dart barely misses the spriggan.
The poisoned dart hits the spriggan.
The spriggan looks even sicker.
The spriggan is almost dead.
You kill the spriggan!
The spriggan hits you with a +0 rapier!!
Ouch! That really hurt!
You die...
Your body crumbles into a pile of gold.

################################
#<..P#.....#....i#.⌠._._._._.⌠.#
#PP..'.....'.#.@.$(._._(_._._.((
#PPPP#...†.#.#†..#..._._._._...#
###############+##.._._._._._..#
#._._._._._.⌠.# $
$###############


$$$$ $$ $ You could see a spriggan.

Vanquished Creatures
  A scorpion (D)
  3 oklob saplings (D)
  A spriggan (D)
  A river rat (D)
  A rat (D)
7 creatures vanquished.

Notes
Turn   | Place    | Note
-------+----------+-------------------------------------------
     0 | D        | styxcanada the Spriggan Brigand began the quest for the
                  | Orb.
     0 | D        | Reached XP level 1. HP: 10/10 MP: 2/2
     9 | D        | Reached skill level 8 in Stealth
     9 | D        | Reached XP level 2. HP: 15/15 MP: 3/3
    48 | D        | Noticed an oklob sapling
    50 | D        | Killed an oklob sapling
    51 | D        | Reached skill level 9 in Stealth
    51 | D        | Reached XP level 3. HP: 19/19 MP: 4/4
    52 | D        | Noticed a scorpion
    52 | D        | Found the amulet of invisibility {+Inv}
    54 | D        | Killed a scorpion
    55 | D        | Reached skill level 12 in Stealth
    55 | D        | Reached XP level 4. HP: 23/23 MP: 5/5
    78 | D        | Found an opulent altar of Gozag.
    78 | D        | Found a hazy altar of Hepliaklqana.
    78 | D        | Found a burning altar of Makhleb.
    78 | D        | Found a sparkling altar of Nemelex Xobeh.
    78 | D        | Found a snail-covered altar of Cheibriados.
    78 | D        | Found a sacrificial altar of Ru.
    78 | D        | Found a shimmering blue altar of Sif Muna.
    78 | D        | Found a shimmering altar of Xom.
    78 | D        | Found a basalt altar of Yredelemnul.
    79 | D        | Found a viscous altar of Jiyva.
    79 | D        | Found a bloodstained altar of Trog.
    79 | D        | Found an ornate altar of the Wu Jian Council.
    80 | D        | Found an iron altar of Okawaru.
    80 | D        | Found a shadowy altar of Dithmenos.
    80 | D        | Found a glowing silver altar of Zin.
    81 | D        | Found an ancient bone altar of Kikubaaqudgha.
    81 | D        | Found a hide-covered altar of Uskayaw.
    82 | D        | Found a stormy altar of Qazlal.
    82 | D        | Found a white marble altar of Elyvilon.
    82 | D        | Found a glowing golden altar of the Shining One.
    83 | D        | Became a worshipper of Gozag Ym Sagoz the Greedy
    84 | D        | Found a corrupted altar of Lugonu.
    84 | D        | Found a radiant altar of Vehumet.
    88 | D        | Reached skill level 13 in Stealth
    88 | D        | Reached XP level 5. HP: 28/28 MP: 3/6
   100 | D        | Reached skill level 5 in Dodging
   100 | D        | Reached skill level 14 in Stealth
   171 | D        | Slain by a spriggan

Illustrated notes

Levels and vault maps discovered:
D:        dungeon_sprint_fedhas [sprint_temple]

Skill      XL: |  1  2  3  4  5 |
---------------+----------------+-----
Dodging        | 2 3 4 5 |  5.0
Stealth        | 8 9 12 13 14 | 14.3
Fighting       | 2 3 |  3.4
Short Blades   | 3 |  3.3
Throwing       | |  2.7
Evocations     | |  0.7

Action                   |  1- 3 |  4- 6 || total
-------------------------+-------+-------++-------
Melee: Dagger            |     7 |     2 ||     9
Throw: Dart              |       |     5 ||     5
 Abil: Evoke Invisibilit |       |     2 ||     2
 Stab: Sleeping          |     3 |     2 ||     5
Dodge: Dodged            |     3 |     2 ||     5
